 Dungeon Crawl Stone Soup version 0.29-a0-344-ge2f44be95a (webtiles) character file.

Game seed: 15471220853921915463

43 Shayle the Sneak (level 3, 0/22 HPs)
             Began as a Tengu Brigand on Apr 21, 2022.
             Killed from afar by a dart slug (2 damage)
             ... with a slug dart
             ... on level 4 of the Dungeon.
             The game lasted 00:05:14 (1108 turns).

Shayle the Sneak (Tengu Brigand)                    Turns: 1108, Time: 00:05:15

Health: 0/22       AC:  3    Str: 11    XL:     3   Next: 58%
Magic:  13/13      EV: 12    Int: 13    God:
Gold:   81         SH:  0    Dex: 15    Spells: 2/2 levels left

rFire   . . .      SeeInvis .   a - +2 dagger
rCold   . . .      Faith    .   (no shield)
rNeg    . . .      Spirit   .   b - +0 robe
rPois   .          Reflect  .   (helmet restricted)
rElec   .          Harm     .   c - +0 cloak
rCorr   .          Rampage  .   (no gloves)
Will    .....                   (boots unavailable)
Stlth   +++.......              (no amulet)
HPRegen 0.07/turn               h - ring of magical power
MPRegen 0.13/turn               (no ring)

@: no status effects
A: beak, talons 3
a: no special abilities


You were on level 4 of the Dungeon.
You visited 1 branch of the dungeon, and saw 3 of its levels.

You collected 81 gold pieces.

Inventory:

Hand Weapons
 a - a +2 dagger (weapon)
Missiles
 d - 9 poisoned darts (quivered)
Armour
 b - a +0 robe (worn)
 c - a +0 cloak (worn)
Jewellery
 h - a ring of magical power (left hand)
Scrolls
 f - 2 scrolls of identify {unknown}
 g - a scroll of brand weapon {unknown}
 i - 2 scrolls of fog {unknown}
 j - a scroll of acquirement {unknown}
 l - 2 scrolls of amnesia {unknown}
Potions
 k - a potion of flight {unknown}
 m - a potion of magic {unknown}


   Skills:
 + Level 2.7 Fighting
 - Level 2.1 Short Blades
 - Level 2.0 Throwing
 + Level 2.2 Dodging
 + Level 4.5 Stealth


You had 2 spell levels left.
You didn't know any spells.
Your spell library was empty.

Dungeon Overview and Level Annotations

Branches:
Dungeon (2/15)

Altars:


Innate Abilities, Weirdness & Mutations

You have a beak for a mouth.
You have claws for feet.


Message History

* * * LOW HITPOINT WARNING * * *
Throw: 3 darts (curare)
Press: ? - help, Q - select action, (/) - cycle Shift-Dir - straight line, f - ufetubus
Aim: an ufetubus (42% to hit)
You throw a curare-tipped dart.
The curare-tipped dart closely misses the ufetubus.
The ufetubus barely misses you. The ufetubus hits you.
* * * LOW HITPOINT WARNING * * *
Okay, then.
Throw: 2 darts (curare)
Press: ? - help, Q - select action, (/) - cycle Shift-Dir - straight line, f/p - ufetubus
Aim: an ufetubus (42% to hit)
You throw a curare-tipped dart.
The curare-tipped dart closely misses the ufetubus.
The ufetubus misses you.
The ufetubus hits you but does no damage.
Throw: dart (curare)
Press: ? - help, Q - select action, (/) - cycle Shift-Dir - straight line, f/p - ufetubus
Aim: an ufetubus (42% to hit)
You throw a curare-tipped dart.
The curare-tipped dart hits the ufetubus.
The ufetubus is poisoned.
The ufetubus convulses.
You kill the ufetubus!
You hit the ball python.
You kill the ball python!
You hit the dart slug but do no damage.
You claw the dart slug, but do no damage.
You hit the dart slug. You peck the dart slug.
The dart slug is heavily wounded.
The dart slug barely misses you.
You hit the dart slug but do no damage.
The dart slug is heavily wounded.
You hit the dart slug but do no damage.
The dart slug is heavily wounded.
The dart slug misses you.
You hit the dart slug.
The dart slug is almost dead.
The dart slug launches a dart at you. The slug dart hits you.
You die...

## #..$ #.# #...
#.###.#### ##........#
.#..B......#
#..(.......## ####
##..........###..#####.
#..........Bw@.........
.#.........####..#####.
##........####..#
..(.#####....#...## .#.
####......## #
#.........####.
####..............#
......^.......###..
####...†......#


You could see a dart slug and a giant cockroach.

Vanquished Creatures
  An ufetubus (D:4)
  A dart slug (D:1)
  5 endoplasms
  5 giant cockroaches (D:1)
  2 goblins
  A hobgoblin (D:1)
  4 jackals (D:1)
  4 ball pythons
  3 bats (D:1)
  A frilled lizard (D:1)
  A kobold (D:1)
  5 rats (D:1)
33 creatures vanquished.

Notes
Turn   | Place    | Note
-------+----------+-------------------------------------------
     0 | D:1      | Shayle the Tengu Brigand began the quest for the Orb.
     0 | D:1      | Reached XP level 1. HP: 12/12 MP: 2/2
   144 | D:1      | Reached XP level 2. HP: 16/17 MP: 3/3
   514 | D:1      | Reached XP level 3. HP: 21/22 MP: 4/4
   860 | D:1      | Found a faded altar of an unknown god.
  1068 | D:2      | You fall into a shaft and drop 2 floors!
  1108 | D:4      | Killed from afar by a dart slug

Illustrated notes

Levels and vault maps discovered:
D:1:      dpeg_arrival_round_b, layout_loops_ring,
          shapermc_ecumenical_altar_hornbeckon, roderic_filled_cross
D:2:      layout_loops_ring, grunt_ministairs_12, minmay_gold_behind_fungi,
          uniq_robin, uniq_crazy_yiuf_cottage
D:4:      layout_loops_ring, nicolae_ossuary_entry_ruins,
          nicolae_elevator_lobby_plus

Skill      XL: |  1  2 |
---------------+-------+-----
Dodging        | 2 |  2.2
Fighting       | |  2.7
Short Blades   | |  2.1
Throwing       | |  2.0
Stealth        | |  4.5

Action                   || total
-------------------------++-------
Melee: Dagger            ||    80
       Kick              ||     8
       Peck              ||     8
Throw: Dart              ||     3
 Stab: Sleeping          ||     9
Armor: Robe              ||    23
Dodge: Dodged            ||    60

Table legend: (Time is in decaauts)
 A = Elapsed time spent in this place.
 B = Non-inter-level travel time spent in this place.
 C = Inter-level travel time spent in this place.
 D = Time resting spent in this place.
 E = Time spent auto-exploring this place.
 F = Levels seen in this place.
 G = Mean time per level.
                   A        B        C        D        E       F      G
               +--------+--------+--------+--------+--------+-----+--------+
         Total |   1106 |   1071 |     35 |     13 |    734 |   3 |  368.7 |
       Dungeon |   1106 |   1071 |     35 |     13 |    734 |   3 |  368.7 |
               +--------+--------+--------+--------+--------+-----+--------+

Top non-repeatable levels by time:
     D:1: 1029 daAuts
     D:4: 38 daAuts
     D:2: 38 daAuts
